 Dungeon Crawl Stone Soup version bcrawl-1.21.3-1-g0d72ed7573 (webtiles) character file.

Game seed: 16585553766010718542

28 Chiseanne the Magician (level 3, -6/24 HPs)
             Began as a Demonspawn Wizard on Apr 13, 2020.
             Mangled by a worm (7 damage)
             ... on level 2 of the Dungeon.
             The game lasted 00:03:23 (1532 turns).

Chiseanne the Magician (Demonspawn Wizard)          Turns: 1532, Time: 00:03:23

Health: -6/24      AC:  2    Str:  7    XL:     3   Next: 0%
Magic:  0/8        EV: 12    Int: 20    God:
Gold:   15         SH:  3    Dex: 11    Spells: 6/9 levels left

rFire    . . .     SeeInvis .   a - +0 staff
rCold    . . .     Gourm    .   (no shield)
rNeg     . . .     Faith    .   b - +0 robe
rPois    .         Spirit   .   c - +0 hat
rElec    .         Reflect  +   (no cloak)
rCorr    .         Harm     .   (no gloves)
MR       .....                  (no boots)
Stlth    ++........             g - +3 amulet of reflection
HPRegen  0.08/turn              (no ring)
MPRegen  0.11/turn              (no ring)

@: no status effects
A: powered by pain 1
a: no special abilities


You were on level 2 of the Dungeon.
You were not hungry.

You visited 1 branch of the dungeon, and saw 2 of its levels.

You collected 15 gold pieces.

Inventory:

Hand Weapons
 a - a +0 staff (weapon)
Missiles
 j - 291 sling bullets
 k - 168 bolts
 l - 744 stones (quivered)
 o - 217 arrows
Armour
 b - a +0 robe (worn)
 c - a +0 hat (worn)
Jewellery
 g - a +3 amulet of reflection (around neck)
Potions
 d - a potion of mutation
 f - a potion of brilliance
Comestibles
 e - 3 rations {!d}
 h - 2 chunks of flesh


   Skills:
 - Level 1.7 Dodging
 - Level 2.0 Stealth
 * Level 3.5 Spellcasting
 * Level 2.2 Conjurations
   Level 1.0 Summonings
 - Level 0.8 Translocations


You had 6 spell levels left.
You knew the following spells:

 Your Spells              Type           Power        Failure   Level  Hunger
a - Magic Dart            Conj           ##..         5%          1    None
b - Blink                 Tloc           N/A          14%         2    ##.....

Your spell library contained the following spells:

 Spells                   Type           Power        Failure   Level  Hunger
 Call Imp                 Summ           #.....       14%         2    ##.....
 Conjure Flame            Conj/Fire      #.......     26%         3    ###....
 Mephitic Cloud           Conj/Pois/Air  #.......     30%         3    ###....
 Spider Form              Tmut/Pois      #..          38%         3    ###....


Dungeon Overview and Level Annotations

Branches:
Dungeon (2/12)

Altars:


Innate Abilities, Weirdness & Mutations

You sometimes gain a little power by taking damage.


Message History

The magic dart hits the worm.
The worm is severely wounded.
Casting: Magic Dart (safe; 5% risk of failure)
Confirm with . or Enter, or press ? or * to list all spells.
You don't have enough magic to cast that spell.
Casting: Magic Dart (safe; 5% risk of failure)
Confirm with . or Enter, or press ? or * to list all spells.
You don't have enough magic to cast that spell.
Casting: Magic Dart (safe; 5% risk of failure)
Confirm with . or Enter, or press ? or * to list all spells.
You don't have enough magic to cast that spell.
Casting: Magic Dart (safe; 5% risk of failure)
Confirm with . or Enter, or press ? or * to list all spells.
You don't have enough magic to cast that spell.
The worm bites you.
* * * LOW HITPOINT WARNING * * *
You completely miss the worm.
The worm is severely wounded.
The worm bites you!
You die...

#..........
#......... #........#
#........# ######.##
#.# ########### #.#
#.....[....
#.#########.....)....
#..w@................
###########..........
#..........
#..........
#..........
#######.... ##### #.
#.##


You could see a worm.

Vanquished Creatures
  A worm (D:1)
  A dart slug (D:1)
  2 leopard geckos (D:1)
  An orc (D:2)
  4 goblins
  2 hobgoblins (D:1)
  2 kobolds (D:1)
  A ball python (D:1)
  A bat (D:1)
  3 frilled lizards (D:1)
  2 rats (D:1)
20 creatures vanquished.

Notes
Turn   | Place    | Note
-------+----------+-------------------------------------------
     0 | D:1      | Chiseanne the Demonspawn Wizard began the quest for the
                  | Orb.
     0 | D:1      | Reached XP level 1. HP: 13/13 MP: 4/4
   316 | D:1      | Gained mutation: You sometimes gain a little power by
                  | taking damage. [demonic ancestry]
   316 | D:1      | Reached XP level 2. HP: 19/19 MP: 0/6
   532 | D:1      | Learned a level 2 spell: Blink
  1330 | D:2      | Reached XP level 3. HP: 11/24 MP: 0/8
  1531 | D:2      | HP: 1/24 [worm (6)]
  1532 | D:2      | Mangled by a worm

Skill      XL: |  1  2 |
---------------+-------+-----
Conjurations   | 2 |  2.2
Dodging        | |  1.7
Stealth        | |  2.0
Spellcasting   | |  3.5
Summonings     | |  1.0
Translocations | |  0.8

Action                   || total
-------------------------++-------
Melee: Staff             ||    44
 Cast: Magic Dart        ||    59
  Use: Scroll            ||     7
 Stab: Sleeping          ||     1
  Eat: Chunk             ||     2
Armor: Robe              ||     4
Dodge: Dodged            ||    21
